 Dungeon Crawl Stone Soup version 0.18.1-50-g88ac8fd (console) character file.

1157 CALLOUS the Ducker (level 8, -1/48 HPs)
             Began as a Halfling Summoner on May 31, 2019.
             Killed from afar by an orc wizard (8 damage)
             ... with a magic dart
             ... on level 7 of the Dungeon on June 4, 2019.
             The game lasted 04:15:17 (10378 turns).

CALLOUS the Ducker (Halfling Summoner)             Turns: 10378, Time: 04:15:18

Health: -1/48      AC:  5    Str: 10    XL:     8   Next: 66%
Magic:  1/10       EV: 19    Int: 14    God:
Gold:   218        SH:  0    Dex: 15    Spells: 4 memorised, 2 levels left

rFire  . . .     SeeInvis .     W - +0 shortbow
rCold  . . .     Gourm    .     y - +0 robe
rNeg   . . .     Faith    .     (shield currently unavailable)
rPois  .         Spirit   .     (no helmet)
rElec  .         Dismiss  .     O - +0 cloak
rCorr  .         Reflect  .     I - +0 pair of gloves
SustAt .         Harm     .     M - +0 pair of boots
MR     .....                    (no amulet)
Stlth  +++.......               (no ring)
                                (no ring)

@: lethally poisoned (-1 -> -7), not resistant to hostile enchantments, fairly
stealthy
A: mutation resistance 1
a: no special abilities


You were on level 7 of the Dungeon.
You were very hungry.

You visited 1 branch of the dungeon, and saw 7 of its levels.

You collected 218 gold pieces.

Inventory:

Hand Weapons
 a - a +2 dagger of speed
 p - a +0 spear
 x - a +0 blowgun
 J - a +0 spear
 L - a +0 spear
 N - a +0 trident
 P - a +0 spear
 S - a +0 hunting sling of flaming
 T - a +2 quarterstaff of chaos
 W - a +0 shortbow (weapon)
 Y - a +0 trident
Missiles
 e - 163 stones
 g - 26 bolts
 o - 37 poisoned needles
 w - 71 sling bullets
 V - 52 arrows (quivered)
Armour
 s - a +0 shield
 y - a +0 robe (worn)
 I - a +0 pair of gloves (worn)
 M - a +0 pair of boots (worn)
 O - a +0 cloak (worn)
 Q - a +0 cloak
 R - the +2 robe "Ilouwoip" {Dex+6, unknown}
   (You found it on level 5 of the Dungeon)

   It affects your dexterity (+6).
Jewellery
 h - an uncursed ring of protection from fire {unknown}
 u - an uncursed amulet of dismissal {unknown}
 v - an uncursed ring of protection from fire {unknown}
 D - a +3 ring of protection {unknown}
Wands
 Z - a wand of iceblast (9/15)
Scrolls
 d - 5 scrolls of identify {unknown}
 k - a scroll of remove curse {unknown}
 t - 2 scrolls of blinking {unknown}
 B - a scroll of noise {unknown}
 E - a scroll of recharging {unknown}
 F - 2 scrolls of teleportation {unknown}
 K - 4 scrolls of enchant weapon {unknown}
Potions
 i - a potion of mutation {unknown}
 l - 2 potions of heal wounds {unknown}
 q - 2 potions of curing
 z - a potion of berserk rage {unknown}
 C - 2 potions of degeneration {unknown}
 G - a potion of lignification {unknown}
 U - a potion of cure mutation {unknown}
Books
 b - a book of Callings

   Spells                             Type                      Level
   a - Summon Small Mammal            Summoning                    1
   b - Call Imp                       Summoning                    2
   c - Call Canine Familiar           Summoning                    3
   d - Summon Guardian Golem          Hexes/Summoning              3
   e - Summon Lightning Spire         Summoning/Air                4
   f - Summon Ice Beast               Ice/Summoning                4
 X - a book of Flames

   Spells                             Type                      Level
   a - Flame Tongue                   Conjuration/Fire             1
   b - Throw Flame                    Conjuration/Fire             2
   c - Conjure Flame                  Conjuration/Fire             3
   d - Inner Flame                    Hexes/Fire                   3
   e - Sticky Flame                   Conjuration/Fire             4
   f - Fireball                       Conjuration/Fire             5
Comestibles
 n - a slice of pizza
 r - 2 meat rations
 A - 2 beef jerkies
 H - 3 fruits


   Skills:
 + Level 1.2 Fighting
 * Level 4.0 Short Blades
 * Level 3.5 Slings
 * Level 3.2 Armour
 * Level 6.9 Dodging
 + Level 3.9 Stealth
 * Level 2.6 Shields
 - Level 1.5 Spellcasting
 - Level 3.6 Summonings
 * Level 3.2 Air Magic


You had 2 spell levels left.
You knew the following spells:

 Your Spells              Type           Power        Failure   Level  Hunger
a - Summon Small Mammal   Summ           ##..         10%         1    ##.....
b - Call Imp              Summ           ##......     12%         2    ###....
c - Summon Lightning Spi  Summ/Air       ##......     71%         4    #####..
d - Flame Tongue          Conj/Fire      #....        30%         1    ##.....


Dungeon Overview and Level Annotations

Branches:
Dungeon (7/15)
 Temple: D:4-7

Altars:
Ashenzari
Fedhas
Kikubaaqudgha
Qazlal
Sif Muna
Vehumet
Zin
The Shining One

Annotations:
D:1 1 exclusion
D:2 1 exclusion
D:3 1 exclusion
D:4 exclusions: jelly and orc, Duvessa, Edmund
D:5 exclusions: orc, 2 orc priests and sky beast, Prince Ribbit
D:7 8ibD, exclusion: 2 ice beasts


Innate Abilities, Weirdness & Mutations

You are small and have problems with some larger weapons.
You are somewhat resistant to further mutation.


Message History

The arrow hits the orc wizard but does no damage.
The orc wizard is almost dead.
You feel sick. The orc wizard casts a spell at you. The magic dart hits you!
* * * LOW HITPOINT WARNING * * *
The orc wizard casts a spell.
The orc wizard blinks!
Firing (i - inventory. (,) - cycle):
V - 53 arrows (quivered)
Press: ? - help, Shift-Dir - straight line, f/p - orc wizard
Aim: an orc wizard, wielding a dagger of venom, wearing a robe and wearing a buckler (almost dead, fast)
You shoot an arrow. The orc wizard blocks the arrow.
* * * LOW HITPOINT WARNING * * *
You feel sick.
* * * LOW HITPOINT WARNING * * *
You feel sick.
Your crimson imp blinks!
The orc wizard points at you and mumbles some strange words.
The magic dart hits you!
You die...

######
#.##.##.###...##...#
.# ...............#
... .#
...............# ##
................#
... #
Z...........Y...#
...
.................#
.$..
..########+##.##
....#
###.##.####.....
#...#..Y.(......
#.5.#...........
#@..#...(##.....
#...#....## ....
##§###.>..# ..>
##..##....# ..
#(o(((..(## .
#§...(...#
.(....'...(....#
......#..(....(#
.###..########.# #.
.# .. ..


You could see an orc wizard and a friendly crimson imp.

Vanquished Creatures
  An ice beast (D:6)
  3 killer bees
  A howler monkey (D:7)
  Crazy Yiuf (D:3)
  An orc wizard (D:6)
  2 orc priests
  An iguana (D:6)
  A worker ant (D:5)
  A worker ant zombie (D:6)
  2 gnolls (D:6)
  3 adders
  3 shadow imps
  An adder skeleton (D:6)
  2 dart slugs (D:3)
  2 orcs
  2 ball pythons
  A giant cockroach (D:3)
  A goblin (D:1)
  A hobgoblin (D:3)
  8 jackals
  A quokka (D:4)
  A bat (D:3)
  2 giant newts (D:1)
  5 kobolds
  A quokka skeleton (D:6)
  2 quokka zombies
  5 rats
55 creatures vanquished.

Vanquished Creatures (collateral kills)
  A black bear (D:6)
  A necrophage (D:6)
  2 ogres
  3 centaurs
  A giant frog (D:6)
  The ghost of Hawkwind the Covered, a weakling GrFi of Okawaru (D:5)
  A crimson imp (D:5)
  2 giant frog zombies
  2 hounds
  An orc wizard (D:4)
  An iguana (D:6)
  Ijyb (D:3)
  2 worker ants
  A worker ant zombie (D:7)
  9 adders
  2 gnolls (D:6)
  2 shadow imps
  An adder skeleton (D:5)
  2 worms
  6 giant geckos
  10 orcs
  6 giant cockroaches
  4 goblins
  5 hobgoblins
  10 jackals
  4 quokkas
  A ball python (D:5)
  2 bats (D:1)
  2 giant newts (D:1)
  A jackal skeleton (D:5)
  5 kobolds
  A quokka skeleton (D:6)
  A quokka zombie (D:6)
  4 rats (D:1)
98 creatures vanquished.

Grand Total: 153 creatures vanquished

Notes
Turn   | Place    | Note
--------------------------------------------------------------
     0 | D:1      | CALLOUS the Halfling Summoner began the quest for the Orb.
     0 | D:1      | Reached XP level 1. HP: 11/11 MP: 3/3
   219 | D:1      | Reached skill level 1 in Armour
   290 | D:1      | Reached XP level 2. HP: 17/17 MP: 1/4
   294 | D:1      | Learned a level 2 spell: Call Imp
   851 | D:1      | Reached skill level 1 in Short Blades
  1326 | D:1      | Reached XP level 3. HP: 21/21 MP: 0/5
  1927 | D:2      | Found a stormy altar of Qazlal.
  2276 | D:2      | Reached skill level 3 in Dodging
  2674 | D:2      | Noticed a centaur
  3141 | D:3      | Reached XP level 4. HP: 27/27 MP: 3/6
  3604 | D:3      | Noticed Ijyb
  3647 | D:3      | Killed Ijyb
  4288 | D:4      | Noticed Duvessa
  4307 | D:4      | Reached skill level 1 in Shields
  4307 | D:4      | Reached XP level 5. HP: 26/32 MP: 1/7
  4373 | D:4      | Learned a level 4 spell: Summon Lightning Spire
  4772 | D:4      | Reached skill level 4 in Dodging
  4924 | D:4      | Noticed Edmund
  5172 | D:5      | Entered Level 5 of the Dungeon
  5174 | D:5      | Noticed a sky beast
  5263 | D:5      | Noticed an ogre
  5541 | D:5      | Noticed Hawkwind's ghost (weakling GrFi)
  5571 | D:5      | Reached XP level 6. HP: 37/37 MP: 3/8
  5598 | D:5      | Killed Hawkwind's ghost
  5598 | D:5      | Reached skill level 1 in Air Magic
  5730 | D:5      | Got a heavy robe
  5866 | D:5      | Found a glowing silver altar of Zin.
  5990 | D:5      | Noticed Prince Ribbit
  6129 | D:5      | Found a deep blue altar of Sif Muna.
  6137 | D:5      | Found a glowing golden altar of the Shining One.
  6151 | D:5      | Found an ancient bone altar of Kikubaaqudgha.
  6153 | D:5      | Found a radiant altar of Vehumet.
  6541 | D:6      | Noticed a necrophage
  6560 | D:6      | Killed a necrophage
  6560 | D:6      | Reached skill level 5 in Dodging
  6644 | D:6      | Reached XP level 7. HP: 11/42 MP: 0/9
  7378 | D:3      | Noticed Crazy Yiuf
  7643 | D:6      | Learned a level 1 spell: Flame Tongue
  7736 | D:6      | Reached skill level 1 in Slings
  8084 | D:6      | Found a blossoming altar of Fedhas.
  8327 | D:6      | Reached skill level 1 in Fighting
  8443 | D:6      | Reached skill level 6 in Dodging
  8577 | D:6      | Reached XP level 8. HP: 48/48 MP: 7/10
  8704 | D:3      | Killed Crazy Yiuf
  9995 | D:7      | Found a shattered altar of Ashenzari.
 10378 | D:7      | Killed from afar by an orc wizard

Skill      XL: |  1  2  3  4  5  6  7  8 |
---------------+-------------------------+-----
Armour         | 1 2 3 |  3.2
Short Blades   | 1 2 3 4 |  4.0
Dodging        | 3 4 5 6 |  6.9
Shields        | 1 2 |  2.6
Air Magic      | 1 2 3 |  3.2
Stealth        | 3 |  3.9
Slings         | 1 3 |  3.5
Fighting       | 1 |  1.2
Spellcasting   | |  1.5
Summonings     | |  3.6

Action                   |  1- 3 |  4- 6 |  7- 9 || total
-------------------------+-------+-------+-------++-------
Melee: Unarmed           |    49 |       |       ||    49
       Dagger            |     4 |   116 |    74 ||   194
       Quarterstaff      |       |       |    22 ||    22
 Fire: Blowgun           |     7 |     6 |     8 ||    21
       Shortbow          |       |       |    69 ||    69
Throw: Stone             |   111 |   142 |    15 ||   268
 Cast: Summon Small Mamm |    17 |       |       ||    17
       Call Imp          |    37 |    64 |    83 ||   184
  Use: Potion            |       |       |     2 ||     2
 Stab: Sleeping          |     2 |     2 |     3 ||     7
  Eat: Chunk             |     6 |    12 |    13 ||    31
       Bread ration      |     1 |     1 |     1 ||     3
Armor: Robe              |    11 |     7 |    32 ||    50
Dodge: Dodged            |    64 |    63 |   123 ||   250
